 Dungeon Crawl Stone Soup version 0.23.2-11-gf996548 (webtiles) character file.

Game seed: 11382240670992557486

690 IBeShadow the Firebug (level 7, 0/60 HPs)
             Began as a Green Draconian Fire Elementalist on June 3, 2019.
             Slain by Edmund
             ... wielding a +1 dire flail of draining
              (2 damage)
             ... on level 4 of the Dungeon.
             The game lasted 00:06:33 (4993 turns).

IBeShadow the Firebug (DrFE)                        Turns: 4993, Time: 00:06:34

Health: 0/60       AC:  6    Str: 10    XL:     7   Next: 36%
Magic:  6/10       EV: 11    Int: 17    God:
Gold:   227        SH:  0    Dex: 14    Spells: 4/10 levels left

rFire    . . .     SeeInvis +   x - +2 scythe (venom)
rCold    . . .     Gourm    .   (shield currently unavailable)
rNeg     . . .     Faith    .   (armour unavailable)
rPois    +         Spirit   .   (helmet restricted)
rElec    .         Reflect  .   (no cloak)
rCorr    .         Harm     .   (no gloves)
MR       .....                  (no boots)
Stlth    +.........             (no amulet)
HPRegen  0.20/turn              j - +2 ring of dexterity
MPRegen  0.12/turn              g - ring of see invisible

@: short of breath, heavily drained
A: breathe noxious fumes, unfitting armour, poison resistance, cold-blooded, AC
+6
a: Breathe Noxious Fumes


You were on level 4 of the Dungeon.
You were not hungry.

You visited 1 branch of the dungeon, and saw 4 of its levels.

You collected 227 gold pieces.

Inventory:

Hand Weapons
 m - a +0 dagger of venom
 x - a +2 scythe of venom (weapon)
Jewellery
 g - a ring of see invisible (right hand)
 h - an uncursed ring of positive energy
 j - a +2 ring of dexterity (left hand)
Wands
 q - a wand of digging (7)
Scrolls
 a - 10 scrolls of identify
 d - 3 scrolls of blinking {unknown}
 e - 2 scrolls of remove curse
 k - a scroll of teleportation
 o - a scroll of immolation {unknown}
 p - a scroll of fear {unknown}
 s - a scroll of enchant weapon {unknown}
 u - a scroll of magic mapping {unknown}
 v - a scroll of amnesia {unknown}
Potions
 c - 2 potions of berserk rage {unknown}
 f - a potion of lignification {unknown}
 i - a potion of degeneration {unknown}
 l - a potion of might {unknown}
 n - 2 potions of curing {unknown}
 r - 2 potions of mutation {unknown}
 t - a potion of heal wounds {unknown}
 w - a potion of resistance {unknown}
Comestibles
 b - 6 rations
 z - 2 chunks of flesh


   Skills:
 + Level 4.9(2.9) Fighting
 + Level 0.0 Polearms
 - Level 1.7(0.0) Dodging
 - Level 1.7(0.0) Stealth
 - Level 2.0(0.1) Spellcasting
 + Level 4.6(2.6) Conjurations
 + Level 5.5(3.5) Fire Magic


You had 4 spell levels left.
You knew the following spells:

 Your Spells              Type           Power        Failure   Level  Hunger
a - Flame Tongue          Conj/Fire      ##...        7%          1    ##.....
b - Throw Flame           Conj/Fire      ##....       10%         2    ###....
c - Conjure Flame         Conj/Fire      ##......     21%         3    ####...

Your spell library contained the following spells:

 Spells                   Type           Power        Failure   Level  Hunger
 Inner Flame              Hex/Fire       #.......     34%         3    ####...
 Sticky Flame             Conj/Fire      ##......     54%         4    #####..
 Fireball                 Conj/Fire      ##........   88%         5    ######.


Dungeon Overview and Level Annotations

Branches:
Dungeon (4/15)
 Temple: D:4-7

Altars:
Fedhas
Gozag
Hepliaklqana
Sif Muna
Trog
Yredelemnul

Annotations:
D:4 Edmund


Innate Abilities, Weirdness & Mutations

You can breathe blasts of noxious fumes.
Your lurid green scales are hard. (AC +6)
You cannot fit into any form of body armour.
Your system is resistant to poisons. (rPois)
You are cold-blooded and may be slowed by cold attacks.


Message History

* * * LOW HITPOINT WARNING * * *
Edmund is engulfed in noxious fumes.
Edmund hits you with a +1 dire flail of draining!
* * * LOW HITPOINT WARNING * * *
You feel drained.
* * * LOW HITPOINT WARNING * * *
Casting: Throw Flame (safe; 10% risk of failure)
Confirm with . or Enter, or press ? or * to list all spells.
Okay, then.
Casting: Throw Flame (safe; 10% risk of failure)
Confirm with . or Enter, or press ? or * to list all spells.
Aiming: Throw Flame (safe; 10% risk of failure)
Press: ? - help, Shift-Dir - straight line, f/p - Edmund
Aim: Edmund, wielding a +1 dire flail of draining and wearing a +0 ring mail (noxious fumes, severely wounded, poisoned, confused)
The puff of flame hits Edmund.
Edmund is severely wounded.
Edmund is engulfed in noxious fumes.
Edmund appears confused.
Edmund cries.
Edmund hits you with a +1 dire flail of draining.
You die...

##### ## ## #... .. .. #... .#
.. ..################ .# .#
#.#....#≈.....#..# .###..#
#[#.@..#≈........# ......#
#.#.@######.###..# .###.#.#
#.#.........#)##.###
....###..####.##...........#...#
<....#........#).........[.....#
.........###(.#######=.#########
#.###.### ###................
..# .# #..(......###.##### ### #
#.#....#..###.######
#.##.#.........#..8#


You could see Edmund (confused).

Vanquished Creatures
  Sigmund (D:4)
  A necrophage (D:3)
  An ogre (D:4)
  A hound (D:4)
  An iguana (D:4)
  Terence (D:3)
  An orc wizard (D:3)
  3 worker ants (D:4)
  6 adders
  An ooze (D:1)
  An adder skeleton (D:4)
  3 worms
  A dart slug (D:1)
  6 leopard geckos
  5 orcs
  4 giant cockroaches
  2 hobgoblins
  13 jackals
  2 quokkas
  A ball python (D:2)
  10 bats
  6 frilled lizards
  9 goblins
  9 kobolds
  9 rats
98 creatures vanquished.

Vanquished Creatures (others)
  An orc wizard (D:3)
1 creature vanquished.

Grand Total: 99 creatures vanquished

Notes
Turn   | Place    | Note
-------+----------+-------------------------------------------
     0 | D:1      | IBeShadow the Draconian Fire Elementalist began the quest
                  | for the Orb.
     0 | D:1      | Reached XP level 1. HP: 14/14 MP: 3/3
   206 | D:1      | Reached XP level 2. HP: 22/22 MP: 5/5
   228 | D:1      | Reached skill level 1 in Fighting
  1298 | D:1      | Reached XP level 3. HP: 27/28 MP: 6/6
  1341 | D:2      | Found a basalt altar of Yredelemnul.
  2517 | D:2      | Found a deep blue altar of Sif Muna.
  2731 | D:2      | Reached XP level 4. HP: 36/36 MP: 7/7
  2732 | D:2      | Found a bloodstained altar of Trog.
  2891 | D:2      | Found a blossoming altar of Fedhas.
  3151 | D:3      | Noticed Terence
  3172 | D:3      | Killed Terence
  3234 | D:3      | Reached skill level 4 in Fire Magic
  3413 | D:3      | Reached XP level 5. HP: 44/44 MP: 8/8
  3952 | D:3      | Found a hazy altar of Hepliaklqana.
  3964 | D:3      | Found a faded altar of an unknown god.
  4056 | D:4      | Noticed a necrophage
  4075 | D:3      | Killed a necrophage
  4075 | D:3      | Reached XP level 6. HP: 39/52 MP: 1/9
  4155 | D:3      | Learned a level 2 spell: Throw Flame
  4159 | D:3      | Learned a level 3 spell: Conjure Flame
  4543 | D:4      | Reached skill level 5 in Fire Magic
  4571 | D:4      | Found an opulent altar of Gozag.
  4608 | D:4      | Your scales start taking on a lurid green colour.
  4608 | D:4      | Reached XP level 7. HP: 40/60 MP: 10/10
  4608 | D:4      | Gained mutation: Your system is resistant to poisons.
                  | (rPois) [Green Draconian growth]
  4868 | D:4      | Noticed Sigmund
  4889 | D:4      | Killed Sigmund
  4986 | D:4      | Noticed Edmund
  4992 | D:4      | HP: 2/60 [Edmund/+1 dire flail of draining (3)]
  4993 | D:4      | Slain by Edmund

Skill      XL: |  1  2  3  4  5  6 |
---------------+-------------------+-----
Fighting       | 1 2 3 4 |  4.9
Conjurations   | 2 3 4 |  4.6
Fire Magic     | 4 5 |  5.5
Dodging        | |  1.7
Stealth        | |  1.7
Spellcasting   | |  2.0

Action                   |  1- 3 |  4- 6 |  7- 9 || total
-------------------------+-------+-------+-------++-------
Melee: Unarmed           |    16 |       |       ||    16
       Short sword       |   137 |       |       ||   137
       Tailslap          |    17 |    23 |     5 ||    45
       Dagger            |    29 |   184 |    33 ||   246
       Scythe            |       |       |     4 ||     4
 Cast: Flame Tongue      |    18 |    10 |     1 ||    29
       Throw Flame       |       |       |     2 ||     2
 Abil: Breathe Noxious F |       |       |     2 ||     2
  Use: Scroll            |     3 |       |     1 ||     4
 Stab: Sleeping          |     1 |     8 |     1 ||    10
       Confused          |       |       |     1 ||     1
  Eat: Chunk             |     3 |     6 |     2 ||    11
       Ration            |     1 |       |       ||     1
Armor: Skin              |    64 |    60 |     7 ||   131
Dodge: Dodged            |   158 |   109 |    22 ||   289
